 Dungeon Crawl Stone Soup version 0.18.1-48-g4cf74bf (webtiles) character file.

22441 Joat the Carver (level 12, -5/77 HPs)
             Began as a Demonspawn Fighter on Aug 6, 2016.
             Was an Initiate of Lugonu.
             Killed from afar by a starcursed mass (6 damage)
             ... with an accursed screaming
             ... on level 1 of the Abyss.
             The game lasted 01:58:19 (15283 turns).

Joat the Carver (Demonspawn Fighter)               Turns: 15283, Time: 01:58:20

Health: -5/77      AC: 31    Str: 18    XL:     12   Next: 63%
Magic:  0/20       EV:  7    Int: 11    God:    Lugonu [......]
Gold:   120        SH:  6    Dex: 12    Spells: 0 memorised, 11 levels left

rFire  + . .     SeeInvis .     P - +3 long sword of Cyalotsu {drain, +Fly rElec rPois rF+ MP+9}
rCold  . . .     Gourm    .     E - +3 plate armour {rPois}
rNeg   + . .     Faith    .     C - +0 buckler {rN+}
rPois  +         Spirit   +     j - +1 helmet
rElec  +         Dismiss  .     k - +2 cloak {rPois}
rCorr  .         Reflect  .     F - +1 pair of gloves {Dex+3}
SustAt .         Harm     .     s - +1 pair of boots
MR     +....                    x - amulet of guardian spirit
Stlth  +.........               R - +4 ring of protection
                                w - +3 ring of protection

@: lethally poisoned (-5 -> -15), slowed, very slow, somewhat resistant to
hostile enchantments, very unstealthy
A: talons 1, yellow scales 1, clever 1, clumsy 2, deformed body, dopey 2, frail
2, low mp 2, magic resistance 1, nightstalker 2, powered by pain 1, screaming 2,
subdued magic 2
a: Renounce Religion, Evoke Flight


You were on level 1 of the Abyss.
You worshipped Lugonu.
Lugonu was noncommittal.
You were not hungry.

You visited 3 branches of the dungeon, and saw 13 of its levels.
You visited the Abyss 3 times.
You also visited: Labyrinth.

You collected 573 gold pieces.
You spent 453 gold pieces at shops.

Inventory:

Hand Weapons
 I - the +6 dagger of the Lesser Evil {freeze, *Corrode rElec rF+++ rN+}
   (You found it on level 5 of the Dungeon)

   It has been specially enchanted to freeze those struck by it, causing extra
   injury to most foes and up to half again as much damage against particularly
   susceptible opponents.
   It can also slow down cold-blooded creatures.
   It renders you almost immune to fire.
   It insulates you from electricity.
   It protects you from negative energy.
   It may corrode you when you take damage.
 P - the +3 long sword of Cyalotsu (weapon) {drain, +Fly rElec rPois rF+ MP+9}
   (You found it on level 7 of the Dungeon)

   A truly terrible weapon, it drains the life of those it strikes.
   It protects you from fire.
   It insulates you from electricity.
   It protects you from poison.
   It affects your magic capacity (+9).
   It lets you fly.
 T - a +1 falchion of flaming
Missiles
 e - a silver tomahawk
 u - 2 curare-tipped needles (quivered)
Armour
 c - a +1 shield
 j - a +1 helmet (worn)
 k - a +2 cloak of poison resistance (worn)
 s - a +1 pair of boots (worn)
 C - a +0 buckler of positive energy (worn)
 E - a +3 plate armour of poison resistance (worn)
 F - a +1 pair of gloves of dexterity (worn)
Rods
 g - a +5 rod of ignition (13/13)
   (You took it off a minotaur in a labyrinth)
Jewellery
 a - an uncursed ring of positive energy
 h - an uncursed ring of ice
 w - a +3 ring of protection (left hand)
 x - an amulet of guardian spirit (around neck)
 R - a +4 ring of protection (right hand)
Wands
 W - a wand of digging (23/24)
Scrolls
 b - 3 scrolls of remove curse
 d - a scroll of enchant weapon
 o - 3 scrolls of identify
 y - a scroll of summoning {unknown}
 D - a scroll of fog
Potions
 m - a potion of cancellation
 p - 2 potions of haste
 q - 2 potions of heal wounds {unknown}
 t - a potion of cure mutation {unknown}
 A - a potion of flight
Comestibles
 f - 6 bread rations
 i - 9 meat rations
 l - 17 fruits
 L - 6 slices of pizza
 O - a beef jerky
 Y - 9 royal jellies


   Skills:
 + Level 9.9 Fighting
 - Level 3.7(7.5) Short Blades
 * Level 10.1(10.4) Long Blades
   Level 2.9(4.4) Axes
   Level 5.1(5.5) Maces & Flails
 + Level 8.9 Armour
 + Level 3.9 Dodging
 + Level 9.0 Shields
 + Level 2.3 Invocations


You had 11 spell levels left.
You didn't know any spells.

Dungeon Overview and Level Annotations

Branches:
Dungeon (11/15)            Temple (1/1) D:4            Lair (1/8) D:11
    Orc (0/2) D:9

Altars:
Ashenzari
Cheibriados
Dithmenos
Elyvilon
Fedhas
Gozag
Kikubaaqudgha
Makhleb
Nemelex Xobeh
Okawaru
Pakellas
Qazlal
Ru
Sif Muna
Trog
Vehumet
Xom
Yredelemnul
Zin
The Shining One

Shops:
D:4 (*   D:10 [

Portals:
Trove: D:10 (give horn of Geryon)

Annotations:
Lair:1 Sonja


Innate Abilities, Weirdness & Mutations

You have sharp toenails.
You are partially covered in yellow scales (AC +2).
You are significantly more attuned to the shadows.
You sometimes gain a little power by taking damage.
Your mind is acute. (Int +2)
You are resistant to hostile enchantments.
[You are very clumsy. (Dex -4)]
[Armour fits poorly on your strangely shaped body.]
[You are very dopey. (Int -4)]
[You are very frail (-20% HP).]
[Your magical capacity is very low (-20% MP).]
[You sometimes yell uncontrollably at your foes.]
[Your spells are easier to cast, but less powerful.]


Message History

* * * LOW HITPOINT WARNING * * *
The guardian serpent casts a spell at you.
You resist with almost no effort.
You enter the shallow water.
Moving in this stuff is going to be slow.
The guardian serpent casts a spell at you.
The bolt of poison hits the starcursed mass.
The starcursed mass completely resists.
The bolt of poison hits you!
You are lethally poisoned!
You resist.
* * * LOW HITPOINT WARNING * * *
The starcursed mass engulfs you but does no damage.
A chorus of shrieks assaults your mind.
* * * LOW HITPOINT WARNING * * *
* * * LOW HITPOINT WARNING * * *
You feel sick.
The guardian serpent casts a spell at you.
You feel yourself slow down.
The starcursed mass shrieks in your mind.
You die...

#..#.##.#≈
##.§###≈≈≈
#..#X#.≈≈≈≈
##.#≈≈≈≈≈≈.
#≈≈≈≈≈≈≈#
#≈≈≈≈≈≈≈#
.####SX≈≈≈##
4...#≈≈≈≈≈.#
#≈≈@≈≈≈≈.#
#≈≈≈♣≈≈≈#.
...♣≈≈≈≈≈≈..
.#.≈≈≈≈≈≈≈.#
.≈≈≈≈≈.#.#
.#≈≈≈≈.##


You could see a starcursed mass, a hellwing (wandering) and a guardian serpent.

Vanquished Creatures
  Gastronok (D:8)
  A minotaur (Lab)
  A hydra (D:9)
  An unseen horror (D:10)
  An ugly thing (D:11)
  An oklob plant (D:11)
  A centaur zombie (D:11)
  4 spiny frogs (Lair:1)
  2 centaur skeletons (D:11)
  2 komodo dragons (Lair:1)
  3 kobold demonologists
  A troll (D:11)
  A queen bee (D:9)
  Grinder (D:4)
  5 blink frogs (Lair:1)
  Prince Ribbit (D:8)
  A ynoxinul (Abyss:2)
  Eustachio (D:4)
  3 hippogriffs
  4 hungry ghosts
  17 yaks
  A soldier ant (D:10)
  2 water moccasins (Lair:1)
  2 porcupines (Lair:1)
  The ghost of Heedrag the Conjurer, an amateur DECj (D:4)
  8 orc warriors
  4 sky beasts
  2 wasps
  2 black bears
  4 ice beasts
  3 small abominations
  6 ogres
  3 wolves (Lair:1)
  9 centaurs
  2 crocodiles (Lair:1)
  3 phantoms
  7 big kobolds
  A gnoll sergeant (D:8)
  8 giant frogs
  3 scorpions
  23 killer bees
  4 wights
  5 howler monkeys
  A giant frog zombie (D:11)
  4 crimson imps
  2 jellies
  A wasp zombie (D:9)
  2 giant frog skeletons
  A gnoll shaman (D:5)
  11 orc priests
  4 hounds
  Ijyb (D:3)
  3 iguanas
  11 orc wizards
  4 worker ants
  2 sheep (D:9)
  2 hound zombies (D:7)
  A worker ant zombie (D:11)
  16 gnolls
  23 adders
  20 river rats (Lair:1)
  3 shadow imps
  2 white imps (Abyss:1)
  2 oozes
  2 worms
  2 dart slugs (D:2)
  8 giant geckos
  35 orcs
  A ball python (D:5)
  4 giant cockroaches
  10 goblins
  12 hobgoblins
  12 jackals
  18 kobolds
  3 quokkas
  9 bats
  A giant gecko skeleton (D:4)
  10 giant newts
  A jackal skeleton (D:4)
  2 quokka skeletons
  6 rats
  A plant (D:11)
  A withered plant (D:2)
410 creatures vanquished.

Vanquished Creatures (others)
  5 fungi (Lair:1)
  A lurking horror (Abyss:1)
  A plant (Lair:1)
7 creatures vanquished.

Grand Total: 417 creatures vanquished

Notes
Turn   | Place    | Note
--------------------------------------------------------------
     0 | D:1      | Joat the Demonspawn Fighter began the quest for the Orb.
     0 | D:1      | Reached XP level 1. HP: 18/18 MP: 1/1
   104 | D:1      | Gained mutation: You sometimes gain a little power by taking damage. [demonic ancestry]
   104 | D:1      | Reached XP level 2. HP: 24/24 MP: 2/2
   789 | D:2      | Gained mutation: You are slightly more attuned to the shadows. [demonic ancestry]
   789 | D:2      | Reached XP level 3. HP: 29/29 MP: 3/3
  1295 | D:2      | Found an ancient bone altar of Kikubaaqudgha.
  1386 | D:2      | Reached XP level 4. HP: 35/35 MP: 4/4
  1899 | D:3      | Noticed Ijyb
  1909 | D:3      | Killed Ijyb
  1909 | D:3      | Reached skill level 1 in Maces & Flails
  1946 | D:3      | Gained mutation: You are partially covered in yellow scales (AC +2). [demonic ancestry]
  1946 | D:3      | Reached XP level 5. HP: 41/41 MP: 5/5
  2300 | D:3      | Found a white marble altar of Elyvilon.
  2303 | D:3      | Found a shimmering altar of Xom.
  2306 | D:3      | Found an iron altar of Okawaru.
  2633 | D:3      | Gained mutation: You are resistant to hostile enchantments. [potion of beneficial mutation]
  2634 | D:3      | Gained mutation: Your mind is acute. (Int +2) [potion of beneficial mutation]
  2699 | D:4      | Found Lisuj's Weapon Emporium.
  2733 | D:4      | Reached XP level 6. HP: 24/48 MP: 6/6
  3008 | D:4      | Found Falliep's General Store.
  3014 | D:4      | Bought a +0 helmet for 63 gold pieces
  3036 | D:4      | Noticed Heedrag's ghost (amateur DECj)
  3380 | D:4      | Noticed Grinder
  3396 | D:4      | Killed Heedrag's ghost
  3396 | D:4      | Reached XP level 7. HP: 47/55 MP: 7/7
  3412 | D:4      | Paralysed by Grinder for 2 turns
  3447 | D:4      | Paralysed by Grinder for 4 turns
  3451 | D:4      | Killed Grinder
  3539 | D:4      | Noticed Eustachio
  3591 | D:4      | Killed Eustachio
  3591 | D:4      | Reached skill level 5 in Fighting
  3669 | D:4      | Found a staircase to the Ecumenical Temple.
  3675 | Temple   | Entered the Ecumenical Temple
  3736 | Temple   | Became a worshipper of Makhleb the Destroyer
  4180 | D:5      | Entered Level 5 of the Dungeon
  4350 | D:5      | Gained mutation: You have sharp toenails. [demonic ancestry]
  4350 | D:5      | Reached XP level 8. HP: 48/62 MP: 8/8
  4452 | D:5      | Reached skill level 5 in Maces & Flails
  4941 | D:5      | Got a faintly glowing dagger
  4942 | D:5      | Identified the +6 dagger of the Lesser Evil {freeze, *Corrode rElec rF+++ rN+} (You found it on level 5 of the Dungeon)
  5049 | D:6      | Reached * piety under Makhleb
  5049 | D:6      | Reached skill level 1 in Short Blades
  5157 | D:6      | Reached skill level 5 in Armour
  5157 | D:6      | Reached skill level 5 in Shields
  5178 | D:6      | Found a blossoming altar of Fedhas.
  5515 | D:6      | Found a basalt altar of Yredelemnul.
  5974 | D:7      | Reached XP level 9. HP: 50/69 MP: 7/9
  5979 | D:7      | Reached ** piety under Makhleb
  6378 | D:7      | Got an ichor-stained long sword
  6379 | D:7      | Identified the cursed +3 long sword of Cyalotsu {drain, +Fly rElec rPois rF+ MP+9} (You found it on level 7 of the Dungeon)
  6497 | D:7      | Reached skill level 1 in Long Blades
  6746 | D:7      | Found a bloodstained altar of Trog.
  7227 | D:8      | Reached skill level 2 in Long Blades
  7449 | D:8      | Noticed Gastronok
  7489 | D:8      | Killed Gastronok
  7489 | D:8      | Reached skill level 4 in Long Blades
  7489 | D:8      | Reached XP level 10. HP: 27/79 MP: 10/10
  7795 | D:8      | Reached skill level 5 in Long Blades
  7842 | D:8      | Paralysed by fainting for 8 turns
  7870 | D:8      | Paralysed by fainting for 5 turns
  7975 | D:8      | Noticed Prince Ribbit
  7985 | D:8      | Killed Prince Ribbit
  8033 | D:8      | Found a glowing golden altar of the Shining One.
  8192 | D:8      | Reached skill level 6 in Long Blades
  8196 | D:8      | Reached *** piety under Makhleb
  8683 | D:9      | Noticed a two-headed hydra
  8701 | D:9      | Killed a four-headed hydra
  8701 | D:9      | Reached XP level 11. HP: 74/87 MP: 8/11
  8851 | D:9      | Reached skill level 7 in Long Blades
  8889 | D:9      | Reached **** piety under Makhleb
  9745 | D:9      | Reached ***** piety under Makhleb
  9956 | D:9      | Found a staircase to the Orcish Mines.
 10242 | D:10     | Entered Level 10 of the Dungeon
 10738 | D:10     | Found Imuywk's Antique Armour Shoppe.
 10745 | D:10     | Bought a glowing cloak for 130 gold pieces
 10751 | D:10     | Bought a pair of runed gloves for 130 gold pieces
 10762 | D:10     | Bought a shiny helmet for 130 gold pieces
 10925 | D:10     | Found a portal to a secret trove of treasure.
 11175 | D:10     | Reached skill level 8 in Long Blades
 11310 | D:11     | Found a staircase to the Lair.
 11317 | D:11     | Noticed an oklob plant
 11330 | D:11     | Killed an oklob plant
 11416 | D:11     | Reached skill level 1 in Dodging
 11454 | D:11     | Noticed a soul eater
 11616 | D:11     | Noticed a brown ugly thing
 11639 | D:11     | Killed a brown ugly thing
 12112 | D:11     | Noticed a death knight
 12112 | D:11     | Noticed a phantasmal warrior
 12195 | D:10     | Killed an unseen horror
 12195 | D:10     | Reached skill level 9 in Long Blades
 12388 | D:11     | Gained mutation: You are significantly more attuned to the shadows. [demonic ancestry]
 12388 | D:11     | Reached XP level 12. HP: 80/96 MP: 12/12
 12408 | Lair:1   | Entered Level 1 of the Lair of Beasts
 12426 | Lair:1   | Found a labyrinth entrance.
 12447 | Lab      | Entered a labyrinth
 12835 | Lab      | Noticed a minotaur
 12854 | Lab      | Killed a minotaur
 12866 | Lab      | Identified Kisat's Volume of Transmigration and Earth
 12981 | Lair:1   | Noticed Sonja
 13344 | Lair:1   | Reached ****** piety under Makhleb
 13898 | Lair:1   | Reached skill level 1 in Invocations
 13905 | Lair:1   | Reached skill level 10 in Long Blades
 14426 | Lair:1   | Cast into level 1 of the Abyss (Sonja)
 14433 | Lair:1   | Escaped the Abyss
 14765 | Lair:1   | Cast into level 2 of the Abyss (Sonja)
 14825 | Abyss:2  | Noticed a starcursed mass
 14857 | Abyss:2  | Noticed a green death
 14869 | Abyss:2  | Noticed a tentacled starspawn
 14869 | Abyss:2  | Found a corrupted altar of Lugonu.
 14871 | Abyss:2  | Fell from the grace of Makhleb
 14871 | Abyss:2  | Became a worshipper of Lugonu the Unformed
 14871 | Abyss:2  | Reached * piety under Lugonu
 14872 | Lair:1   | Escaped the Abyss
 15096 | Lair:1   | Cast into level 1 of the Abyss (Sonja)
 15217 | Abyss:1  | Noticed a starcursed mass
 15282 | Abyss:1  | HP: 3/77 [starcursed mass/accursed screaming (4)]
 15283 | Abyss:1  | HP: 1/77 [poisoned by a guardian serpent (bolt of poison)]
 15283 | Abyss:1  | Killed from afar by a starcursed mass

Skill      XL: |  1  2  3  4  5  6  7  8  9 10 11 12 |
---------------+-------------------------------------+-----
Axes           | 2 |  2.9
Armour         | 3 4 5 6 7 8 |  8.9
Shields        | 3 4 5 6 7 8 9 |  9.0
Maces & Flails | 1 2 3 4 5 |  5.1
Fighting       | 4 5 6 7 8 9 |  9.9
Short Blades   | 3 |  3.7
Long Blades    | 4 6 9 10 | 10.1
Dodging        | 2 3 |  3.9
Invocations    | 2 |  2.3

Action                   |  1- 3 |  4- 6 |  7- 9 | 10-12 || total
-------------------------+-------+-------+-------+-------++-------
Melee: War axe           |   131 |       |       |       ||   131
       Mace              |    62 |   247 |   457 |    14 ||   780
       Long sword        |       |       |   114 |  1385 ||  1499
Throw: Javelin           |       |       |       |     5 ||     5
       Tomahawk          |       |       |       |     4 ||     4
Invok: Lesser Servant of |       |       |       |     1 ||     1
       Depart the Abyss  |       |       |       |     1 ||     1
 Abil: Evoke Flight      |       |       |       |     1 ||     1
  Use: Scroll            |       |     4 |     5 |    17 ||    26
       Potion            |       |     2 |       |     2 ||     4
 Stab: Sleeping          |       |       |     3 |       ||     3
       Distracted        |       |       |     1 |       ||     1
  Eat: Chunk             |     1 |     7 |    16 |    27 ||    51
       Pizza             |       |       |     1 |     1 ||     2
       Beef jerky        |       |       |     1 |     2 ||     3
       Meat ration       |       |       |       |     1 ||     1
       Bread ration      |       |       |       |     1 ||     1
Armor: Scale mail        |    79 |   143 |    75 |       ||   297
       Leather armour    |       |       |   177 |       ||   177
       Chain mail        |       |       |    25 |       ||    25
       Plate armour      |       |       |    13 |  1027 ||  1040
Dodge: Dodged            |    41 |    92 |   186 |   295 ||   614
Block: Shield            |    82 |   128 |   293 |   552 ||  1055
       Buckler           |       |       |       |   143 ||   143
